 Dungeon Crawl Stone Soup version 0.24.0-13-gcf9b319 (webtiles) character file.

Game seed: 31140012469887402, levelgen mode: deterministic

31925 Fang the Fighter (level 13, 0/130 HPs)
             Began as a Gargoyle Berserker on Nov 18, 2019.
             Was a High Priest of Trog.
             Splashed by an oklob plant's acid (16 damage)
             ... on level 4 of the Lair of Beasts on Nov 19, 2019.
             The game lasted 00:22:10 (16230 turns).

Fang the Fighter (Gargoyle Berserker)              Turns: 16230, Time: 00:22:11

Health: 0/130      AC: 23    Str: 31    XL:     13   Next: 61%
Magic:  13/13      EV:  9    Int:  8    God:    Trog [*****.]
Gold:   973        SH:  9    Dex:  9    Spells: 12/12 levels left

rFire    . . .     SeeInvis .   a - +0 war axe (flame)
rCold    . . .     Gourm    .   B - +0 shield
rNeg     + . .     Faith    .   b - +3 plate armour
rPois    ∞         Spirit   .   z - +2 helmet
rElec    +         Reflect  .   (no cloak)
rCorr    .         Harm     .   n - +2 pair of gloves
MR       +....                  (no boots)
Stlth    ..........             D - amulet of regeneration
HPRegen  0.71/turn              r - ring of protection from magic
MPRegen  0.13/turn              (no ring)

@: berserking, corroded, drained, very quick
A: negative energy resistance 1, electricity resistance, unbreathing,
petrification resistance, rot immunity, AC +9
a: Berserk, Trog's Hand, Brothers in Arms, Renounce Religion


You were on level 4 of the Lair of Beasts.
You worshipped Trog.
Trog was extremely pleased with you.
You were very hungry.

You visited 3 branches of the dungeon, and saw 16 of its levels.
You also visited: Bailey.

You collected 973 gold pieces.

Inventory:

Hand Weapons
 a - a +0 war axe of flaming (weapon)
 u - a +1 war axe of chopping
Armour
 b - a +3 plate armour (worn)
 n - a +2 pair of gloves (worn)
 z - a +2 helmet (worn)
 B - a +0 shield (worn)
Jewellery
 k - an uncursed amulet of the acrobat
 r - a ring of protection from magic (left hand)
 D - an amulet of regeneration (around neck)
Wands
 e - a wand of digging (2)
 f - a wand of disintegration (13)
 s - a wand of iceblast (4)
 y - a wand of random effects (16)
 E - a wand of acid (8)
Scrolls
 d - 2 scrolls of fog
 g - 12 scrolls of remove curse
 o - a scroll of fear
 q - 5 scrolls of teleportation
 v - a scroll of brand weapon
 G - a scroll of identify
 H - a scroll of enchant armour
Potions
 h - 2 potions of curing
 i - 2 potions of brilliance
 j - 3 potions of flight {unknown}
 l - a potion of ambrosia
 m - 6 potions of heal wounds
 p - a potion of berserk rage
 t - a potion of magic
 w - 2 potions of haste
 x - 6 potions of mutation
 A - 2 potions of agility
 C - a potion of cancellation {unknown}
 F - 2 potions of invisibility
Comestibles
 c - 35 rations
 I - 2 chunks of flesh


   Skills:
 + Level 12.7(11.9) Fighting
 + Level 10.9(10.2) Axes
 + Level 12.5(11.8) Armour
 + Level 9.9(9.2) Dodging
 + Level 1.6(1.0) Shields


You had 12 spell levels left.
You didn't know any spells.
Your spell library was empty.

Dungeon Overview and Level Annotations

Branches:
Dungeon (11/15)            Temple (1/1) D:6            Lair (4/6) D:11
 Spider (0/4) Lair:2          Orc (0/2) D:10         Bailey (visited)
  Swamp: Lair:2-4    Shoals: Lair:2-4

Altars:
Gozag
Okawaru
Uskayaw
Wu Jian
Xom

Annotations:
D:6 3 runed translucent doors, FishTaco's ghost, novice DENe; Naeght's ghost, novice GrFi; subsume's ghost, novice OpWz
D:9 2 transporters
Lair:2 1 runed translucent door
Lair:3 exclusion: 2 oklob plants
Lair:4 exclusion: oklob plant


Innate Abilities, Weirdness & Mutations

You are resistant to torment.
Your stone body is resilient. (AC +9)
You are immune to poison.
You resist negative energy. (rN+)
You are resistant to electric shocks. (rElec)
You can survive without breathing.
You are immune to petrification.
You are immune to rotting.


Message History

The splash of acid hits you but does no damage.
You are splashed with acid!
You hit the oklob plant but do no damage.
The oklob plant is lightly damaged.
The oklob plant spits acid at you. The splash of acid hits you!
* * * LOW HITPOINT WARNING * * *
You are splashed with acid!
* * * LOW HITPOINT WARNING * * *
You slash the oklob plant! You burn the oklob plant.
The oklob plant is moderately damaged.
You slash the oklob plant! You burn the oklob plant.
The oklob plant is heavily damaged.
You hit the oklob plant but do no damage.
The oklob plant is heavily damaged.
The oklob plant spits acid at you. The splash of acid hits you.
* * * LOW HITPOINT WARNING * * *
The acid corrodes you!
You are splashed with acid!
You die...

# ##### ### #P..# ...
##P.P##
...........###.....#
.............#..P..#
.............#..@..#
....#........##...##
....##...[...##...#
..........>..###'##
.............###.##
..................#
..#..##.....##....###P#.
##..####...#####........
#...####....# ##..###..#


You could see an oklob plant.

Vanquished Creatures
  Erolcha (D:11)
  3 hydras
  Fannar (D:10)
  3 two-headed ogres
  A tengu warrior (D:10)
  Urug (Lair:1)
  Pikel (D:4)
  2 ugly things
  A cyclops (D:10)
  A black mamba (Lair:1)
  Joseph (Lair:1)
  7 spiny frogs
  9 komodo dragons
  3 centaur skeletons
  2 rime drakes
  A troll (D:8)
  4 blink frogs (Lair:2)
  7 hippogriffs
  A shadow (D:11)
  4 wyverns
  24 yaks
  6 fire bats (Lair:2)
  A tarantella (Lair:2)
  Grum (D:8)
  A basilisk (Lair:1)
  2 hungry ghosts
  2 swamp worms (Lair:4)
  8 porcupines
  6 water moccasins
  5 orc warriors
  An eye of draining (D:6)
  4 ice beasts
  3 sky beasts
  2 slaves (D:4)
  A black bear (D:8)
  A necrophage (D:8)
  4 ogres
  5 wolves
  3 centaurs
  8 crocodiles
  3 big kobolds
  A gnoll sergeant (D:7)
  A wyvern zombie (D:7)
  15 bullfrogs
  5 scorpions
  A water moccasin skeleton (D:7)
  16 killer bees
  2 howler monkeys (D:7)
  3 electric eels (D:10)
  5 crimson imps
  A centaur zombie (D:10)
  A bullfrog zombie (D:7)
  5 jellies
  20 orc wizards
  12 orc priests
  3 bullfrog skeletons
  10 hounds
  10 worker ants
  4 iguanas
  A hound zombie (D:7)
  A hound skeleton (D:8)
  Robin (D:2)
  16 gnolls
  13 adders
  A howler monkey skeleton (D:6)
  A shadow imp (D:5)
  17 oozes
  2 adder zombies
  2 worms
  A dart slug (D:1)
  11 leopard geckos
  63 orcs
  9 bats
  A giant cockroach (D:2)
  14 goblins
  10 hobgoblins
  6 jackals
  5 quokkas
  A ball python (D:4)
  8 frilled lizards
  A giant cockroach zombie (D:5)
  24 kobolds
  A leopard gecko skeleton (D:4)
  A leopard gecko zombie (D:6)
  5 quokka skeletons
  10 rats
  3 bushes
  2 fungi
  6 plants
497 creatures vanquished.

Vanquished Creatures (others)
  An orc wizard (D:4)
  2 orcs
  A quokka (D:4)
  10 fungi
  A plant (Lair:3)
  6 toadstools (Lair:2)
21 creatures vanquished.

Grand Total: 518 creatures vanquished

Notes
Turn   | Place    | Note
-------+----------+-------------------------------------------
     0 | D:1      | Fang the Gargoyle Berserker began the quest for the Orb.
     0 | D:1      | Reached XP level 1. HP: 14/14 MP: 1/1
   221 | D:1      | Reached XP level 2. HP: 19/19 MP: 2/2
   611 | D:2      | Reached XP level 3. HP: 15/24 MP: 3/3
   725 | D:2      | Reached ** piety under Trog
   775 | D:2      | Noticed Robin
   797 | D:2      | Reached XP level 4. HP: 29/29 MP: 4/4
   805 | D:2      | Killed Robin
  1117 | D:2      | Found an iron altar of Okawaru.
  1126 | D:2      | Reached XP level 5. HP: 23/33 MP: 5/5
  1487 | D:2      | Found an iron altar of Okawaru.
  1760 | D:3      | Reached *** piety under Trog
  2153 | D:3      | Noticed a sky beast
  2174 | D:3      | Killed a sky beast
  2174 | D:3      | Reached XP level 6. HP: 31/39 MP: 6/6
  2763 | D:4      | Noticed a slave
  2763 | D:4      | Noticed a slave
  2764 | D:4      | Noticed Pikel
  2764 | D:4      | Noticed a slave
  2769 | D:4      | Noticed a slave
  2774 | D:4      | Killed a slave
  2781 | D:4      | Killed a slave
  2784 | D:4      | Killed Pikel
  2784 | D:4      | Reached skill level 5 in Fighting
  2784 | D:4      | Reached skill level 5 in Armour
  2784 | D:4      | Reached XP level 7. HP: 44/44 MP: 7/7
  3279 | D:4      | Reached XP level 8. HP: 47/51 MP: 8/8
  3708 | D:5      | Entered Level 5 of the Dungeon
  3771 | D:5      | Reached **** piety under Trog
  3944 | D:5      | Reached skill level 5 in Axes
  4038 | D:5      | HP: 3/76 [ogre/+0 giant club (6)]
  5037 | D:6      | Found a runed translucent gate.
  5038 | D:6      | Found a runed translucent gate.
  5039 | D:6      | Found a runed translucent gate.
  5080 | D:6      | Noticed subsume's ghost (novice OpWz)
  5080 | D:6      | Noticed FishTaco's ghost (novice DENe)
  5080 | D:6      | Noticed Naeght's ghost (novice GrFi)
  5342 | D:6      | Reached XP level 9. HP: 57/57 MP: 0/9
  5348 | D:6      | Reached skill level 5 in Dodging
  5611 | D:6      | Reached ***** piety under Trog
  5827 | D:6      | Found a staircase to the Ecumenical Temple.
  6100 | Temple   | Entered the Ecumenical Temple
  6527 | D:7      | Found a flagged portal.
  6621 | D:7      | Received a gift from Trog
  6641 | D:7      | Reached XP level 10. HP: 63/64 MP: 10/10
  6786 | Bailey   | Entered a bailey
  6786 | Bailey   | Noticed an orc knight
  6791 | Bailey   | Noticed an orc knight
  7136 | D:8      | Noticed a two-headed ogre
  7148 | D:8      | Killed a two-headed ogre
  7249 | D:8      | Noticed Grum
  7269 | D:8      | Killed Grum
  8934 | D:9      | Found a transporter.
  8965 | D:9      | Found a transporter.
  8971 | D:9      | Reached XP level 11. HP: 67/71 MP: 11/11
  9020 | D:9      | Paralysed by fainting for 8 turns
  9439 | D:10     | Entered Level 10 of the Dungeon
  9451 | D:10     | Noticed a two-headed ogre
  9466 | D:10     | Received a gift from Trog
  9479 | D:10     | Killed a two-headed ogre
  9542 | D:10     | Reached skill level 10 in Fighting
  9869 | D:10     | Found a staircase to the Orcish Mines.
 10111 | D:10     | Reached skill level 10 in Armour
 10342 | D:10     | Noticed a tengu warrior
 10352 | D:10     | Killed a tengu warrior
 10611 | D:11     | Noticed Fannar
 10612 | D:11     | Noticed a cyclops
 10620 | D:11     | Noticed a white ugly thing
 10621 | D:11     | Noticed a two-headed ogre
 10876 | D:10     | Killed Fannar
 10931 | D:10     | Killed a cyclops
 10931 | D:10     | Killed a two-headed ogre
 10931 | D:10     | Reached XP level 12. HP: 79/79 MP: 12/12
 11018 | D:10     | Received a gift from Trog
 11361 | D:11     | Identified a scroll of acquirement
 11422 | D:11     | Found a staircase to the Lair.
 11440 | D:11     | Noticed Erolcha
 11457 | D:11     | Killed Erolcha
 12060 | Lair:1   | Entered Level 1 of the Lair of Beasts
 12654 | Lair:1   | Noticed Joseph
 12668 | Lair:1   | Killed Joseph
 12756 | Lair:1   | Noticed Urug
 12756 | Lair:1   | Noticed a six-headed hydra
 12762 | Lair:1   | Reached skill level 10 in Axes
 12768 | Lair:1   | Killed a two-headed hydra
 12788 | Lair:1   | Killed Urug
 13695 | Lair:2   | Reached XP level 13. HP: 80/86 MP: 13/13
 13830 | Lair:2   | Received a gift from Trog
 13965 | Lair:2   | Noticed a dire elephant
 13986 | Lair:2   | Found a runed translucent door.
 14160 | Lair:2   | Found a hole to the Spider Nest.
 15347 | Lair:4   | Reached skill level 1 in Shields
 16230 | Lair:4   | Splashed by an oklob plant's acid

Levels and vault maps discovered:
D:1:      minmay_arrival_radiant_lines, layout_basic
D:2:      layout_basic, okawaru_ov_weapons_minmay, kennysheep_flooded_box,
          uniq_robin
D:3:      layout_basic, first_ration, lexackson_kobold_supper
D:4:      layout_basic, serial_forest, infiniplex_forest_corner_1,
          infiniplex_forest_clump_C, infiniplex_forest_end_3,
          infiniplex_forest_lined_2, minmay_misc_feat_rugged, uniq_pikel
D:5:      layout_loops_corners
D:6:      minmay_bubble_buster, layout_basic, temple_hall,
          gammafunk_ghost_cemetery
D:7:      layout_basic, enter_bailey_8
D:8:      layout_layer_cave, uniq_grum
D:9:      gammafunk_steamed_eel, layout_rooms
D:10:     layout_basic, orc_0_dummy, grunt_tengu_nest
D:11:     layout_cave_pools, lair_entry_dummy, uniq_erolcha, uniq_fannar
Temple:   nicolae_temple_the_god_donut
Lair:1:   layout_long_grid, beast_lair_carwin_1, uniq_urug, uniq_joseph
Lair:2:   gammafunk_lair_enchanted_lake, layout_gridlike,
          spider_nest_entry_rubble, lemuel_old_faithful, serial_bayou_shore_b
Lair:3:   layout_regular_city, serial_bayou_shore_b, minmay_lair_oklob_chamber,
          serial_bayou_shore_b, lemuel_fruit_tree, lemuel_fruit_fields,
          grunt_megastairs_1, lemuel_fruit_fields
Lair:4:   lemuel_slime, layout_layer_cave, nicolae_swamp_entry_splash_gauntlet

Skill      XL: |  1  2  3  4  5  6  7  8  9 10 11 12 13 |
---------------+----------------------------------------+-----
Axes           | 3 4 5 6 8 9 10 | 10.9
Dodging        | 2 3 4 5 7 8 9 |  9.9
Armour         | 3 5 6 7 9 10 11 12 | 12.5
Fighting       | 4 5 7 8 9 10 12 | 12.7
Shields        | 1 |  1.6

Action                   |  1- 3 |  4- 6 |  7- 9 | 10-12 | 13-15 || total
-------------------------+-------+-------+-------+-------+-------++-------
Melee: Hand axe          |    78 |   317 |    38 |       |       ||   433
       War axe           |       |       |   586 |   914 |   340 ||  1840
Invok: Berserk           |     1 |     5 |     2 |    12 |     2 ||    22
       Trog's Hand       |       |       |     1 |     2 |       ||     3
  Use: Scroll            |       |       |       |    26 |       ||    26
  Eat: Chunk             |       |    11 |    17 |    38 |     9 ||    75
       Ration            |       |       |       |     3 |       ||     3
Armor: Animal skin       |    36 |    36 |       |       |       ||    72
       Chain mail        |       |    77 |    32 |       |       ||   109
       Plate armour      |       |       |   414 |   856 |   339 ||  1609
Dodge: Dodged            |    39 |   128 |   224 |   372 |   149 ||   912
Block: Shield            |       |       |   103 |   435 |   145 ||   683
